 Dungeon Crawl Stone Soup version 0.29.1-12-g30fa7ad0bf (webtiles) character file.

Game seed: 12711974663776213196

939 raph the Summoner (level 8, -2/52 HPs)
             Began as a Merfolk Summoner on Jan 14, 2023.
             Was an Initiate of Nemelex Xobeh.
             Splashed by a jelly's acid (9 damage)
             ... on level 5 of the Dungeon.
             The game lasted 00:11:27 (7543 turns).

raph the Summoner (Merfolk Summoner)                Turns: 7543, Time: 00:11:28

Health: -2/52      AC: -7    Str:  9    XL:     8   Next: 12%
Magic:  12/14      EV: 12    Int: 16    God:    Nemelex Xobeh [......]
Gold:   210        SH:  0    Dex: 14    Spells: 4/15 levels left

rFire   . . .      SeeInvis .   c - +0 spear
rCold   . . .      Faith    .   (no shield)
rNeg    . . .      Spirit   .   a - +0 robe
rPois   .          Reflect  .   (no helmet)
rElec   .          Harm     .   i - +0 cloak
rCorr   .          Rampage  .   r - +0 pair of gloves
Will    .....                   k - +0 pair of boots
Stlth   ++........              o - amulet of magic regeneration
HPRegen 0.17/turn               (no ring)
MPRegen 0.54/turn               (no ring)

@: corroded
A: (nimble swimmer 2), mertail
a: Renounce Religion, Draw Escape, Draw Destruction, Draw Summoning


You were on level 5 of the Dungeon.
You worshipped Nemelex Xobeh.
Nemelex Xobeh was noncommittal.
You visited 1 branch of the dungeon, and saw 5 of its levels.

You collected 210 gold pieces.

Inventory:

Hand Weapons
 c - a +0 spear (weapon)
Missiles
 d - 18 poisoned darts
Armour
 a - a +0 robe (worn)
 i - a +0 cloak (worn)
 k - a +0 pair of boots (worn)
 r - a +0 pair of gloves (worn)
Jewellery
 o - an amulet of magic regeneration (around neck)
Wands
 h - a wand of light (2)
 n - a wand of digging (4)
 s - a wand of paralysis (5)
Scrolls
 g - 2 scrolls of poison
Potions
 b - 3 potions of magic
 e - 2 potions of heal wounds {unknown}
 f - a potion of lignification
 j - 3 potions of brilliance
 l - 2 potions of might {unknown}
 m - a potion of invisibility
 p - a potion of curing {unknown}
 q - a potion of cancellation
 t - a potion of berserk rage {unknown}


   Skills:
 - Level 2.6 Dodging
 - Level 2.1 Stealth
 + Level 4.1 Spellcasting
 * Level 8.2 Summonings
 + Level 3.9 Poison Magic


You had 4 spell levels left.
You knew the following spells:

 Your Spells              Type           Power      Damage    Failure   Level
a - Summon Small Mammal   Summ           100%       N/A       1%          1
b - Call Imp              Summ           29%        N/A       1%          2
c - Call Canine Familiar  Summ           29%        N/A       1%          3
d - Summon Guardian Gole  Hex/Summ       16%        N/A       10%         3
e - Poisonous Vapours     Pois/Air       18%        N/A       11%         2

Your spell library contained the following spells:

 Spells                   Type           Power      Damage    Failure   Level
 Summon Lightning Spire   Summ/Air       16%        N/A       30%         4
 Gell's Gravitas          Tloc           3%         N/A       45%         3
 Lesser Beckoning         Tloc           3%         N/A       45%         3
 Portal Projectile        Hex/Tloc       6%         N/A       45%         3
 Teleport Other           Tloc           3%         N/A       45%         3
 Tukima's Dance           Hex            3%         N/A       45%         3
 Corpse Rot               Necr/Pois/Air  7%         N/A       67%         4
 Blade Hands              Tmut           1%         N/A       99%         5
 Dispersal                Tloc           1%         N/A       100%        6


Dungeon Overview and Level Annotations

Branches:
Dungeon (5/15)
 Temple: D:4-7

Altars:
Fedhas
Nemelex Xobeh
Xom

Annotations:
D:2 Sigmund
D:5 Menkaure


Innate Abilities, Weirdness & Mutations

((You are very nimble when in or above water. (Stealth+, EV+, Speed+++)))
Your lower body shifts to a powerful aquatic tail in water.


Message History

Magic restored.
You swap places.
Your hound disappears in a puff of smoke!
You see here a +0 giant club.
Found a scale mail.
You see here a +0 scale mail.
A jelly comes into view.
Found 19 gold pieces and a scale mail.
The jelly quivers.
You hit the jelly. The acid corrodes you!
Your hands burn!
The jelly is lightly wounded.
The jelly hits you. The acid corrodes you!
You are splashed with acid!
You barely miss the jelly.
The jelly is lightly wounded.
The jelly closely misses you.
You hit the jelly.
Your hands burn!
The jelly is moderately wounded.
The jelly hits you.
You are splashed with acid.
You hit the jelly but do no damage.
Your hands burn!
The jelly is moderately wounded.
The jelly hits you.
You are splashed with acid.
You are too injured to fight recklessly!
You are too injured to fight recklessly!
You are too injured to fight recklessly!
You are too injured to fight recklessly!
You are too injured to fight recklessly!
Casting: Call Canine Familiar (safe; 1% risk of failure)
Confirm with . or Enter, or press ? or * to list all spells.
The jelly hits you.
You are splashed with acid!
* * * LOW HITPOINT WARNING * * *
Your quokka bites the jelly.
Your quokka is burned by acid!
Casting: Summon Small Mammal (safe; 1% risk of failure)
Confirm with . or Enter, or press ? or * to list all spells.
A beastly little devil appears in a puff of flame.
The jelly hits you.
* * * LOW HITPOINT WARNING * * *
The acid corrodes you!
You are splashed with acid!
You die...
Your body disappears without a glow.

###+####
#....5r#
#....#J#
#...$#@#
#...[#.#
#....#.#
######.#
#.# #.#
#.# #.#
#.#


You could see a jelly (ally target), a friendly crimson imp (summoned) and a
friendly quokka (summoned).

Vanquished Creatures
  A crimson imp (D:4)
  A gnoll (D:5)
  2 dart slugs
  An orc (D:4)
  3 ball pythons
  5 bats
  3 endoplasms
  2 giant cockroaches
  6 goblins
  2 hobgoblins
  2 jackals (D:1)
  A quokka (D:2)
  A frilled lizard (D:3)
  4 kobolds
  2 rats
36 creatures vanquished.

Vanquished Creatures (collateral kills)
  A water moccasin (D:5)
  An ogre (D:5)
  2 black bears (D:5)
  A scorpion (D:5)
  A jelly (D:4)
  3 crimson imps (D:4)
  2 hounds (D:5)
  An orc wizard (D:5)
  3 gnolls (D:5)
  9 adders
  2 worms
  3 dart slugs
  4 orcs
  6 ball pythons
  6 endoplasms
  2 giant cockroaches
  10 goblins
  4 hobgoblins
  3 jackals
  4 bats
  4 frilled lizards
  4 kobolds
  5 rats
81 creatures vanquished.

Vanquished Creatures (others)
  An iguana (D:5)
  A plant (D:1)
2 creatures vanquished.

Grand Total: 119 creatures vanquished

Notes
Turn   | Place    | Note
-------+----------+-------------------------------------------
     0 | D:1      | raph the Merfolk Summoner began the quest for the Orb.
     0 | D:1      | Reached XP level 1. HP: 13/13 MP: 3/3
   272 | D:1      | Found a faded altar of an unknown god.
   284 | D:1      | Reached XP level 2. HP: 19/19 MP: 1/5
   612 | D:1      | Learned a level 2 spell: Call Imp
  1030 | D:1      | Reached XP level 3. HP: 24/24 MP: 2/6
  1034 | D:1      | Learned a level 3 spell: Call Canine Familiar
  1158 | D:1      | Reached skill level 5 in Summonings
  2167 | D:2      | Reached XP level 4. HP: 30/30 MP: 3/7
  3513 | D:2      | Noticed Sigmund
  3675 | D:2      | Found a blossoming altar of Fedhas.
  3898 | D:3      | Reached skill level 6 in Summonings
  3954 | D:3      | Reached XP level 5. HP: 28/35 MP: 3/8
  4133 | D:3      | Learned a level 2 spell: Poisonous Vapours
  4963 | D:4      | Reached skill level 1 in Poison Magic
  5196 | D:4      | Reached XP level 6. HP: 39/41 MP: 5/10
  5330 | D:4      | Found a shimmering altar of Xom.
  5843 | D:4      | Found a sparkling altar of Nemelex Xobeh.
  5887 | D:4      | Became a worshipper of Nemelex Xobeh the Trickster
  6114 | D:5      | Entered Level 5 of the Dungeon
  6114 | D:5      | Noticed a black bear
  6232 | D:5      | Killed a black bear
  6233 | D:5      | Reached skill level 7 in Summonings
  6233 | D:5      | Reached XP level 7. HP: 46/46 MP: 1/12
  6461 | D:5      | Noticed Menkaure
  6930 | D:5      | Learned a level 3 spell: Summon Guardian Golem
  7324 | D:5      | Reached skill level 8 in Summonings
  7324 | D:5      | Reached XP level 8. HP: 39/52 MP: 10/14
  7543 | D:5      | Splashed by a jelly's acid

Illustrated notes

Levels and vault maps discovered:
D:1:      ebering_trefoil_3fold, layout_loops_cross,
          chequers_ecumenical_altar_island, serial_forest,
          infiniplex_forest_lined_3_way, infiniplex_forest_clump_double,
          infiniplex_forest_end_3, infiniplex_forest_lined_room_3,
          infiniplex_forest_clump_small, infiniplex_forest_lined_3,
          infiniplex_forest_lined_2, infiniplex_forest_lined_4_way
D:2:      minmay_razor_zed, layout_loops_corners, basic_altar,
          grunt_ministairs_5, uniq_sigmund
D:3:      layout_rooms
D:4:      layout_basic, led_xom_imps, mainiacjoe_overflow_24_doors,
          hangedman_decor_push
D:5:      layout_basic, uniq_menkaure

Skill      XL: |  1  2  3  4  5  6  7 |
---------------+----------------------+-----
Summonings     | 5 6 7 8 |  8.2
Poison Magic   | 1 2 3 |  3.9
Spellcasting   | 3 4 |  4.1
Dodging        | |  2.6
Stealth        | |  2.1

Action                   |  1- 3 |  4- 6 |  7- 9 || total
-------------------------+-------+-------+-------++-------
Melee: Spear             |    91 |   147 |    22 ||   260
       Punch             |     1 |     1 |       ||     2
 Cast: Summon Small Mamm |    36 |    68 |    16 ||   120
       Call Imp          |    13 |    27 |     9 ||    49
       Call Canine Famil |     1 |    12 |     8 ||    21
       Poisonous Vapours |       |       |    10 ||    10
       Summon Guardian G |       |       |     2 ||     2
  Use: Scroll            |     2 |     9 |       ||    11
 Stab: Sleeping          |     2 |     3 |       ||     5
       Distracted        |       |     5 |       ||     5
Armor: Robe              |    16 |    23 |     6 ||    45
Dodge: Dodged            |    44 |    85 |    16 ||   145
